 Dungeon Crawl Stone Soup version 0.29-a0-8-g0446c0dae4 (webtiles) character file.

Game seed: 14590266073175500587

88 croobank the Firebug (level 4, -3/33 HPs)
             Began as a Draconian Fire Elementalist on Jan 27, 2022.
             Killed from afar by Natasha (7 damage)
             ... with a magic dart
             ... on level 2 of the Dungeon.
             The game lasted 00:08:43 (1790 turns).

croobank the Firebug (Draconian Fire Elementalist)  Turns: 1790, Time: 00:08:43

Health: -3/33      AC:  5    Str: 10    XL:     4   Next: 30%
Magic:  1/7        EV: 12    Int: 17    God:
Gold:   81         SH:  0    Dex: 12    Spells: 5/8 levels left

rFire   . . .      SeeInvis .   b - +0 dagger
rCold   . . .      Faith    .   (no shield)
rNeg    . . .      Spirit   .   (armour unavailable)
rPois   .          Reflect  .   (helmet restricted)
rElec   .          Harm     .   (no cloak)
rCorr   .          Rampage  .   (no gloves)
Will    .....                   (no boots)
Stlth   ++........              (no amulet)
HPRegen 0.11/turn               (no ring)
MPRegen 0.10/turn               (no ring)

@: hasted, very quick
A: AC +5, unfitting armour, cold-blooded
a: no special abilities


You were on level 2 of the Dungeon.
You visited 1 branch of the dungeon, and saw 2 of its levels.

You collected 81 gold pieces.

Inventory:

Hand Weapons
 b - a +0 dagger (weapon)
Missiles
 a - 93 stones
 g - 19 sling bullets
 k - 22 bolts
Scrolls
 d - 3 scrolls of identify {unknown}
 f - a scroll of enchant weapon {unknown}
 i - 2 scrolls of blinking {unknown}
 j - a scroll of summoning {unknown}
 l - a scroll of holy word {unknown}
Potions
 c - 2 potions of flight
 e - a potion of haste
 h - a potion of attraction {unknown}


   Skills:
 + Level 2.3 Dodging
 + Level 2.5 Stealth
 + Level 2.5 Spellcasting
 + Level 2.0 Conjurations
 + Level 3.5 Fire Magic


You had 5 spell levels left.
You knew the following spells:

 Your Spells              Type           Power      Damage    Failure   Level
a - Foxfire               Conj/Fire      44%        2x1d6     6%          1
b - Scorch                Fire           28%        2d6       6%          2

Your spell library contained the following spells:

 Spells                   Type           Power      Damage    Failure   Level
 Conjure Flame            Conj/Fire      11%        6-21      17%         3
 Sandblast                Erth           4%         2d4       19%         1
 Inner Flame              Hex/Fire       8%         N/A       26%         3
 Passwall                 Tmut/Erth      1%         N/A       28%         2
 Stone Arrow              Conj/Erth      10%        3d7       36%         3
 Flame Wave               Conj/Fire      11%        2d5       50%         4


Dungeon Overview and Level Annotations

Branches:
Dungeon (2/15)

Altars:
Elyvilon

Shops:
D:1 [

Annotations:
D:2 Natasha


Innate Abilities, Weirdness & Mutations

Your plain brown scales are hard. (AC +5)
You cannot fit into any form of body armour.
You are cold-blooded and may be slowed by cold attacks.


Message History

Natasha stares at you and mumbles some strange words.
You resist with some effort.
You are starting to lose your buoyancy.
Natasha stares at you and mumbles some strange words.
You feel yourself slow down.
Natasha mumbles some strange words.
Casting: Foxfire (safe; 6% risk of failure)
Confirm with . or Enter, or press ? or * to list all spells.
You miscast Foxfire.
You are very lightly contaminated with residual magic.
Nothing appears to happen.
The crimson imp hits you but does no damage.
Natasha casts a spell.
The crimson imp closely misses you.
Natasha mumbles some strange words.
You float gracefully downwards.
The crimson imp hits you.
* * * LOW HITPOINT WARNING * * *
Your magical contamination has completely faded away.
There is an open door here.
The crimson imp hits you.
* * * LOW HITPOINT WARNING * * *
There is an open door here.
You feel yourself speed up.
Natasha howls an incantation.
Natasha glows brightly for a moment.
The crimson imp hits you but does no damage.
Natasha mumbles some strange words.
Natasha shimmers violently.
Casting: Foxfire (safe; 6% risk of failure)
Confirm with . or Enter, or press ? or * to list all spells.
Flames lash Natasha.
Natasha is heavily wounded.
Natasha's fire resistance burns away.
The crimson imp hits you but does no damage.
It was a potion of haste.
You feel yourself speed up. The crimson imp closely misses you.
The crimson imp blinks!
Natasha stares at you and mumbles some strange words.
The magic dart hits you!
You die...

#############
###########.h.........#########
....5..5.##5###.@.............#
########5##.#
#######.#######.### #.##5#
#........#.##.#..
#h##5#####+###.##.#....#.#
##.#...........<##.#.####.#
#..'............+.....# #.#
####............##....# #.#
#............#####.# #.#
#............# #.# #.#


You could see Natasha.

Vanquished Creatures
  Jessica (D:2)
  Robin (D:2)
  An adder (D:2)
  5 endoplasms
  3 giant cockroaches
  3 hobgoblins
  A quokka (D:1)
  3 ball pythons
  4 frilled lizards
  12 goblins
  6 kobolds
  2 rats (D:1)
42 creatures vanquished.

Vanquished Creatures (others)
  65 foxfires
65 creatures vanquished.

Grand Total: 107 creatures vanquished

Notes
Turn   | Place    | Note
-------+----------+-------------------------------------------
     0 | D:1      | croobank the Draconian Fire Elementalist began the quest
                  | for the Orb.
     0 | D:1      | Reached XP level 1. HP: 14/14 MP: 3/3
   456 | D:1      | Reached XP level 2. HP: 17/20 MP: 1/5
   995 | D:1      | Learned a level 2 spell: Scorch
  1062 | D:1      | Found Nynyekoh's Armour Emporium.
  1385 | D:2      | Found a white marble altar of Elyvilon.
  1609 | D:2      | Reached XP level 3. HP: 26/26 MP: 3/6
  1702 | D:2      | Noticed Jessica
  1708 | D:2      | Killed Jessica
  1711 | D:2      | Reached XP level 4. HP: 29/33 MP: 1/7
  1712 | D:2      | Noticed Robin
  1715 | D:2      | Noticed Natasha
  1733 | D:2      | Killed Robin
  1790 | D:2      | Killed from afar by Natasha

Illustrated notes

Levels and vault maps discovered:
D:1:      dpeg_arrival_tiny_a, layout_loops_ring, serial_shops, shop_statue,
          minmay_misc_feat_diagonals, fountainhead, supply_closet_lemuel,
          minmay_tetromino_l4
D:2:      layout_basic, basic_altar, dreamdust_ecumenical_altar_statues,
          uniq_natasha, uniq_robin, uniq_jessica

Skill      XL: |  1  2  3  4 |
---------------+-------------+-----
Stealth        | 2 |  2.5
Dodging        | 2 |  2.3
Conjurations   | 2 |  2.0
Spellcasting   | |  2.5
Fire Magic     | |  3.5

Action                   |  1- 3 |  4- 6 || total
-------------------------+-------+-------++-------
Melee: Unarmed           |    10 |       ||    10
       Dagger            |    47 |    30 ||    77
       Tailslap          |     5 |     2 ||     7
       Punch             |     1 |       ||     1
 Cast: Foxfire           |    43 |     4 ||    47
       Scorch            |     2 |     2 ||     4
  Use: Potion            |       |     2 ||     2
 Stab: Sleeping          |     1 |       ||     1
Armor: Skin              |    17 |     9 ||    26
Dodge: Dodged            |    32 |     9 ||    41

Table legend: (Time is in decaauts)
 A = Elapsed time spent in this place.
 B = Non-inter-level travel time spent in this place.
 C = Inter-level travel time spent in this place.
 D = Time resting spent in this place.
 E = Time spent auto-exploring this place.
 F = Levels seen in this place.
 G = Mean time per level.
                   A        B        C        D        E       F      G
               +--------+--------+--------+--------+--------+-----+--------+
         Total |   1794 |   1750 |     44 |     20 |   1279 |   2 |  897.0 |
       Dungeon |   1794 |   1750 |     44 |     20 |   1279 |   2 |  897.0 |
               +--------+--------+--------+--------+--------+-----+--------+

Top non-repeatable levels by time:
     D:1: 1386 daAuts
     D:2: 408 daAuts
